 Dungeon Crawl Stone Soup version 0.31-a0-426-g3a05650e59 (webtiles) character file.

Game seed: 12142015742384164294

8386 Flugkiller the Mimic (level 11, -5/56 HPs)
             Began as a Vine Stalker Shapeshifter on July 30, 2023.
             Was a Follower of Uskayaw.
             Slain by a centaur warrior (10 damage)
             ... on level 11 of the Dungeon.
             The game lasted 00:11:08 (9599 turns).

Flugkiller the Mimic (Vine Stalker Shapeshifter)    Turns: 9599, Time: 00:11:09

Health: -5/56      AC:  9    Str: 17      XL:     11   Next: 30%
Magic:  0/24       EV: 17    Int:  6 (8)  God:    Uskayaw [*.....]
Gold:   536        SH:  0    Dex: 20      Spells: 14/14 levels left

rFire   + .          .
                       - Unarmed
rCold   . . .        (shield currently unavailable)
rNeg    . . .        M - +0 troll leather armour
rPois   .            b - +2 helmet
rElec   .            K - +2 cloak of the Thief {*Fog Slay-2 SInv Stlth+}
rCorr   .            (gloves currently unavailable)
SInv    +            L - +2 pair of boots {rampage}
Will    +....        o - amulet of faith
Stlth   ++           p - ring of protection from fire
HPRegen 1.89/turn    l - ring of magical power
MPRegen 0.19/turn

%: guardian spirit, rampage, faith
@: blade hands
A: fangs 3, regeneration 1, magic shield, antimagic bite, no potion heal 2
a: Begin Untransformation, Renounce Religion, Stomp


You were on level 11 of the Dungeon.
You worshipped Uskayaw.
Uskayaw was noncommittal.
You had blades for hands.
You visited 2 branches of the dungeon, and saw 12 of its levels.

You collected 662 gold pieces.
You spent 126 gold pieces at shops.

Inventory:

Missiles
 C - 3 curare-tipped darts
Armour
 b - a +2 helmet (worn)
   (You found it on level 2 of the Dungeon)
 K - the +2 cloak of the Thief (worn) {*Fog Slay-2 SInv Stlth+}
   (You found it on level 8 of the Dungeon)

   *Fog:      It may release a thick cloud of smoke when the wearer is hurt.
   Slay:      It affects your accuracy & damage with ranged weapons and melee
   (-2).
   SInv:      It lets you see invisible.
   Stlth:     It makes you more stealthy.
 L - a +2 pair of boots of rampaging (worn)
   (You found it on level 10 of the Dungeon)
 M - a +0 troll leather armour (worn)
   (You found it on level 11 of the Dungeon)
Jewellery
 l - a ring of magical power (right blade hand)
   (You found it on level 3 of the Dungeon)
 m - a ring of resist corrosion
   (You found it on level 2 of the Dungeon)
 o - an amulet of faith (around neck)
   (You found it on level 2 of the Dungeon)
 p - a ring of protection from fire (left blade hand)
   (You found it on level 1 of the Dungeon)
Talismans
 c - a beast talisman
 y - a blade talisman (active)
   (You found it on level 5 of the Dungeon)
Wands
 h - a wand of paralysis (7)
   (You found it on level 8 of the Dungeon)
 i - a wand of mindburst (8)
   (You found it on level 10 of the Dungeon)
 r - a wand of flame (9)
   (You found it on level 10 of the Dungeon)
 G - a wand of roots (6)
   (You found it on level 8 of the Dungeon)
 I - a wand of digging (4)
   (You found it on level 9 of the Dungeon)
Scrolls
 a - a scroll of fear
 e - a scroll of revelation
 f - 2 scrolls of fog
 g - 3 scrolls of enchant armour
 j - a scroll of butterflies
 s - a scroll of torment
 t - 9 scrolls of teleportation
 v - a scroll of poison
 z - 3 scrolls of blinking
 F - a scroll of silence
 H - a scroll of enchant weapon {unknown}
Potions
 d - 3 potions of might
 n - a potion of resistance
 q - 6 potions of curing
 u - 2 potions of lignification
 w - a potion of attraction {unknown}
 A - a potion of cancellation {unknown}
 B - a potion of ambrosia
 D - a potion of enlightenment {unknown}
 E - a potion of mutation {unknown}


   Skills:
 - Level 6.0 Fighting
 - Level 8.0 Dodging
 - Level 6.0 Unarmed Combat
 - Level 2.0 Spellcasting
 + Level 2.6 Invocations
 + Level 3.3 Evocations
 + Level 9.5 Shapeshifting


You had 14 spell levels left.
You didn't know any spells.
Your spell library contained the following spells:

 Spells                   Type           Power      Damage    Failure   Level
 Apportation              Tloc           0%         N/A       85%         1
 Necrotise                Necr           0%         1d4       85%         1
 Summon Small Mammal      Summ           0%         N/A       85%         1
 Dazzling Flash           Conj/Hex       0%         N/A       98%         3
 Portal Projectile        Hex/Tloc       0%         N/A       98%         3
 Tukima's Dance           Hex            0%         N/A       98%         3
 Volatile Blastmotes      Fire/Tloc      0%         2d10      98%         3
 Animate Dead             Necr           0%         N/A       100%        4
 Iskenderun's Mystic Bla  Conj/Tloc      0%         2d3       100%        4
 Borgnjor's Vile Clutch   Necr/Erth      0%         N/A       100%        5
 Fireball                 Conj/Fire      0%         3d3       100%        5
 Iskenderun's Battlesphe  Conj           0%         2d6       100%        5
 Conjure Ball Lightning   Conj/Air       0%         3x3d6     100%        6
 Death Channel            Necr           0%         N/A       100%        6
 Starburst                Conj/Fire      0%         6d3       100%        6
 Orb of Destruction       Conj           0%         9d5       100%        7
 Maxwell's Capacitive Co  Air            0%         ∞         100%        8


Dungeon Overview and Level Annotations

Branches:
Dungeon (11/15) Zot: 26711  Temple (1/1) D:6 Zot: 5963    Lair (0/5) D:8
    Orc: D:9-12

Altars:
Ashenzari
Cheibriados
Dithmenos
Elyvilon
Fedhas
Gozag
Hepliaklqana
Kikubaaqudgha
Makhleb
Nemelex Xobeh
Okawaru
Qazlal
Ru
Sif Muna
Trog
Uskayaw
Vehumet
Wu Jian
Xom
Yredelemnul
Zin
The Shining One

Shops:
D:1 !   D:3 !

Annotations:
D:11 1 runed translucent door


Innate Abilities, Weirdness & Mutations

You have blades for hands.
Your spellcasting is less reliable in this form.
You are incapable of wielding weapons or throwing items.
You have razor-sharp teeth.
Your natural rate of healing is unusually fast.
When hurt, damage is shared between your health and your magic reserves.
Your bite disrupts and absorbs the magic of your enemies.
Potions cannot restore your health.


Message History

You hit the yak.
You kill the yak!
The yak is no longer sharing its pain.
You slash the yak!
You kill the yak!
You can now merge with and destroy a victim.
No target in view!
No target in view!
No target in view!
No target in view!
No target in view!
No target in view!
No target in view!
No target in view!
No target in view!
Things that are here:
a yak corpse; a yak corpse; a yak corpse You see here a yak corpse.
You see here a yak corpse.
Found a stone staircase leading down.
Found a club.
k - an amulet of magic regeneration You open the door.
Found a leather armour.
Okay, then.
You drop an amulet of magic regeneration.
There is an open door here.
Found 5 stones.
Found a stone staircase leading up.
You now have 536 gold pieces (gained 20).
A wolf spider and a centaur warrior come into view.
There are monsters nearby!
There are monsters nearby!
A cyclops and a wolf spider come into view.
The wolf spider's many legs skitter. x2; The cyclops shouts!
You hear a shout!
The centaur warrior shouts!
A cyclops comes into view.
The wolf spider moves out of view.
You hear a shout!
Found 29 gold pieces and a robe.
A shadow comes into view.
Found a short sword.
Found a runed translucent door.
You hit the wolf spider but do no damage.
The wolf spider misses you.
The wolf spider bites you but does no damage.
An orc warrior comes into view. It is wielding a +0 war axe.
The wolf spider hits you!!
With a swish of your cloak, you release a cloud of fog.
The wolf spider bites you!
You are poisoned.
The wolf spider poisons you!
With a swish of your cloak, you release a cloud of fog.
You feel extremely sick.
Your system rejects the healing.
You feel better. The wolf spider hits you! The wolf spider closely misses you.
The wolf spider barely misses you. The wolf spider bites you.
You hit the wolf spider. Your slash misses the wolf spider.
You bite the wolf spider. You drain its power.
You feel invigorated.
The wolf spider is lightly wounded.
The wolf spider misses you. The wolf spider bites you.
You closely miss the wolf spider.
You bite the wolf spider, but do no damage.
The wolf spider is lightly wounded.
The wolf spider misses you. x2
You hit the wolf spider but do no damage.
Your slash misses the wolf spider.
The wolf spider is lightly wounded.
The wolf spider barely misses you. The wolf spider closely misses you.
You hit the wolf spider.
The wolf spider is lightly wounded.
The wolf spider hits you. The wolf spider bites you! The wolf spider hits you!
* * * LOW HITPOINT WARNING * * *
The wolf spider bites you but does no damage.
As you read the scroll of fear, it crumbles to dust.
You assume a fearsome visage.
The wolf spider looks frightened!
The centaur warrior easily resists.
The wolf spider looks frightened!
The centaur warrior wields a +0 shortbow.
The centaur warrior shoots an arrow.
The arrow hits you!
* * * LOW HITPOINT WARNING * * *
With a swish of your cloak, you release a cloud of fog.
Okay, then.
Unknown command.
Unknown command.
Unknown command.
Unknown command.
Unknown command.
Unknown command.
Unknown command.
Unknown command.
Unknown command.
The centaur warrior unwields a +0 shortbow.
The centaur warrior hits you.
* * * LOW HITPOINT WARNING * * *
The centaur warrior kicks you.
* * * LOW HITPOINT WARNING * * *
You barely miss the centaur warrior. Your bite misses the centaur warrior.
The centaur warrior closely misses you. The centaur warrior barely misses you.
You slash the centaur warrior!
The centaur warrior is lightly wounded.
The centaur warrior hits you!
You die...

#).##..~.. #..#8..8.
##.##..~. #..#8^[. ##.##.§8 o
#..#§§# .$# ##.##§C##.s.##
########..###cW#...#.
#......#.##§@#§##.##.
#.##..[#.#§#§#§§#
#.##.#..##§§#§#.#+#
#.##....#.##.##W. .)
#.###..##..#.# #.. #.
#.###..##.#.#. ...
#......#..#..#. ....
#####...#####################
#............................


You could see a centaur warrior, a cyclops and a shadow.

Vanquished Creatures
  A two-headed ogre (D:10)
  A centaur warrior (D:11)
  A boulder beetle (D:10)
  A troll (D:11)
  Sigmund (D:2)
  A wraith (D:10)
  10 yaks
  3 water moccasins
  Duvessa (D:4)
  3 ice beasts
  3 orc warriors
  6 ogres
  5 centaurs
  3 phantoms
  3 kobold brigands
  4 bullfrogs
  A gnoll sergeant (D:9)
  A scorpion (D:6)
  9 wights
  Dowan (D:4)
  11 killer bees
  2 howler monkeys
  3 orc priests
  2 gnoll boudas
  A hound (D:5)
  2 sleepcaps
  6 orc wizards
  Terence (D:2)
  2 iguanas
  13 adders
  20 gnolls
  2 shadow imps (D:7)
  3 white imps
  An ufetubus (D:6)
  2 worms
  4 dart slugs
  20 orcs
  5 bats
  4 endoplasms
  12 giant cockroaches
  5 goblins
  9 hobgoblins
  6 jackals
  2 quokkas
  6 ball pythons
  3 frilled lizards
  16 kobolds
  4 rats
226 creatures vanquished.

Notes
Turn   | Place    | Note
-------+----------+-------------------------------------------
     0 | D:1      | Flugkiller the Vine Stalker Shapeshifter began the quest
                  | for the Orb.
     0 | D:1      | Reached XP level 1. HP: 9/9 MP: 2/2
    25 | D:1      | Reached skill level 1 in Fighting
   139 | D:1      | Reached XP level 2. HP: 12/15 MP: 3/3
   648 | D:1      | Reached XP level 3. HP: 9/19 MP: 2/4
   731 | D:1      | Found Peuffes's Distillery.
   739 | D:1      | Bought a potion of curing for 42 gold pieces
   936 | D:2      | Noticed Sigmund
   961 | D:2      | Killed Sigmund
   962 | D:2      | Reached skill level 5 in Unarmed Combat
   962 | D:2      | Gained mutation: Your natural rate of healing is unusually
                  | fast. [Vine Stalker growth]
   962 | D:2      | Reached XP level 4. HP: 24/24 MP: 5/5
   962 | D:2      | Reached XP level 5. HP: 28/28 MP: 6/6
  1024 | D:2      | Reached XP level 6. HP: 32/32 MP: 7/7
  1224 | D:2      | Found a faded altar of an unknown god.
  1328 | D:2      | Noticed Terence
  1351 | D:2      | Killed Terence
  1760 | D:3      | Found a broken altar of Ashenzari.
  1981 | D:3      | Found Ruqedeja's Distillery.
  1989 | D:3      | Bought a potion of might for 48 gold pieces
  1989 | D:3      | Bought a potion of lignification for 36 gold pieces
  2218 | D:3      | Identified the +1 leather armour of the Glowing Tables
                  | {Stlth+}
  2423 | D:4      | Reached XP level 7. HP: 31/37 MP: 8/8
  2541 | D:4      | Noticed Duvessa
  2541 | D:4      | Noticed Dowan
  2560 | D:4      | Killed Duvessa
  2566 | D:4      | Killed Dowan
  2575 | D:4      | Reached skill level 5 in Dodging
  3285 | D:5      | Entered Level 5 of the Dungeon
  3286 | D:5      | Found a stormy altar of Qazlal.
  3287 | D:5      | Found an ancient bone altar of Kikubaaqudgha.
  3289 | D:5      | Found a white marble altar of Elyvilon.
  3291 | D:5      | Found a sparkling altar of Nemelex Xobeh.
  3292 | D:5      | Found a shimmering altar of Xom.
  3292 | D:5      | Found a hazy altar of Hepliaklqana.
  3292 | D:5      | Found a burning altar of Makhleb.
  3332 | D:5      | Gained mutation: You have razor-sharp teeth. [Vine Stalker
                  | growth]
  3332 | D:5      | Reached XP level 8. HP: 15/42 MP: 8/9
  3829 | D:5      | Reached skill level 1 in Spellcasting
  4393 | D:6      | Reached skill level 5 in Fighting
  4393 | D:6      | Reached skill level 4 in Shapeshifting
  4393 | D:6      | Reached XP level 9. HP: 29/47 MP: 13/13
  4588 | D:6      | Found a staircase to the Ecumenical Temple.
  5037 | D:7      | Reached skill level 5 in Shapeshifting
  6029 | D:7      | Found a shadowy altar of Dithmenos.
  6037 | D:7      | Reached XP level 10. HP: 52/53 MP: 14/14
  6151 | D:8      | Found the +2 cloak of the Thief {*Fog Slay-2 SInv Stlth+}
  6154 | D:8      | Found a staircase to the Lair.
  6521 | D:8      | Reached skill level 6 in Shapeshifting
  6999 | D:9      | Reached skill level 7 in Shapeshifting
  7729 | D:10     | Entered Level 10 of the Dungeon
  7755 | D:10     | Found a transporter.
  7755 | D:10     | Found a transporter.
  7755 | D:10     | Noticed a boulder beetle
  7766 | D:10     | Reached skill level 8 in Shapeshifting
  7819 | D:10     | Noticed a two-headed ogre
  7837 | D:10     | HP: 1/53 [two-headed ogre/+0 giant spiked club (19)]
  8059 | D:10     | Identified the +0 flail of Quick Death {spect, Will++
                  | Dex+3}
  8310 | D:10     | Killed a two-headed ogre
  8599 | D:10     | Reached skill level 9 in Shapeshifting
  8939 | D:10     | Killed a boulder beetle
  8940 | D:10     | Reached XP level 11. HP: 56/56 MP: 15/15
  9082 | Temple   | Entered the Ecumenical Temple
  9100 | Temple   | Became a worshipper of Uskayaw the Reveller
  9338 | D:11     | Reached * piety under Uskayaw
  9342 | D:11     | Reached ** piety under Uskayaw
  9343 | D:11     | Reached skill level 1 in Invocations
  9400 | D:11     | Noticed a centaur warrior
  9405 | D:11     | Reached *** piety under Uskayaw
  9406 | D:11     | Reached **** piety under Uskayaw
  9407 | D:11     | Killed a centaur warrior
  9409 | D:11     | Reached ***** piety under Uskayaw
  9584 | D:11     | Noticed a wolf spider
  9584 | D:11     | Noticed a centaur warrior
  9585 | D:11     | Noticed a cyclops
  9585 | D:11     | Noticed a wolf spider
  9585 | D:11     | Noticed a cyclops
  9587 | D:11     | Found a runed translucent door.
  9597 | D:11     | HP: 2/56 [centaur warrior (2)]
  9599 | D:11     | Slain by a centaur warrior

Illustrated notes

Levels and vault maps discovered:
D:1:      lightli_arrival_maybe_door_vault, layout_basic, serial_shops, shop
D:2:      minmay_roachtagon, layout_loops_cross,
          shapermc_ecumenical_altar_hornbeckon, minmay_tetromino_t2,
          uniq_terence, uniq_sigmund
D:3:      layout_loops_ring, mainiacjoe_overflow_boulevard, serial_shops,
          shop_fountains
D:4:      layout_gridville, wad_floor_pattern_untrapped,
          kennysheep_small_square, uniq_duvessa
D:5:      layout_loops_ring, grunt_temple_overflow_open
D:6:      layout_cave_pools, minmay_temple_entry_fiery, serial_column_ruins,
          column_ruins_pillar_1, column_ruins_pillar_3, column_ruins_pillar_1,
          column_ruins_pillar_5, column_ruins_pillar_6, column_ruins_pillar_2,
          column_ruins_pillar_6, column_ruins_pillar_1, column_ruins_pillar_3,
          column_ruins_pillar_4, column_ruins_pillar_7, column_ruins_pillar_6,
          corexii_corridor_pit, kennysheep_another_room
D:7:      layout_loops_corners, grunt_dithmenos_shadows
D:8:      layout_loops_ring, lair_entry_dummy, eino_tiny_chamber
D:9:      layout_loops_ring, minmay_misc_feat_square
D:10:     gammafunk_boulding_lane, layout_stronghold
D:11:     minmay_the_grid_triangle_9x9_recursive_3_mashed
          [minmay_the_grid_triangle_9x9_odd_lines,
          minmay_the_grid_triangle_9x9_shrine,
          minmay_the_grid_triangle_9x9_skeleton,
          minmay_the_grid_triangle_9x9_prize_top_heavy,
          minmay_the_grid_triangle_9x9_minimal,
          minmay_the_grid_triangle_9x9_alien,
          minmay_the_grid_triangle_9x9_subtriangle,
          minmay_the_grid_triangle_9x9_corruption,
          minmay_the_grid_triangle_9x9_corrupted_corridor],
          layout_loops_corners, nicolae_wooded_promenade
Temple:   nicolae_temple_bog_church

Skill      XL: |  1  2  3  4  5  6  7  8  9 10 11 |
---------------+----------------------------------+-----
Fighting       | 1 2 3 4 5 6 |  6.0
Unarmed Combat | 5 6 |  6.0
Dodging        | 2 3 5 6 8 |  8.0
Spellcasting   | 2 |  2.0
Shapeshifting  | 4 5 9 |  9.5
Evocations     | 2 3 |  3.3
Invocations    | 2 |  2.6

Action                     |  1- 3 |  4- 6 |  7- 9 | 10-12 || total
---------------------------+-------+-------+-------+-------++-------
  Melee: Unarmed           |    54 |   142 |   297 |   200 ||   693
         Bite              |    12 |    42 |   100 |    72 ||   226
         Punch             |       |     3 |    17 |    11 ||    31
  Evoke: Wand              |       |       |       |     5 ||     5
    Use: Scroll            |     1 |     4 |     5 |     5 ||    15
         Potion            |     1 |       |     2 |     5 ||     8
   Stab: Sleeping          |     2 |       |     4 |     2 ||     8
         Distracted        |     1 |       |       |       ||     1
         Paralysed         |       |       |       |     5 ||     5
 Armour: Animal skin       |     6 |       |       |       ||     6
         Ring mail         |     6 |    29 |       |     2 ||    37
         Skin              |     3 |       |       |     8 ||    11
         Leather armour    |       |       |    34 |    11 ||    45
         Troll leather arm |       |       |       |     8 ||     8
  Dodge: Dodged            |    21 |    67 |   236 |   123 ||   447
   Form: Blade             |       |       |       |     1 ||     1

Table legend: (Time is in decaauts)
 A = Elapsed time spent in this place.
 B = Non-inter-level travel time spent in this place.
 C = Inter-level travel time spent in this place.
 D = Time resting spent in this place.
 E = Time spent auto-exploring this place.
 F = Levels seen in this place.
 G = Mean time per level.
                   A        B        C        D        E       F      G
               +--------+--------+--------+--------+--------+-----+--------+
         Total |   9554 |   8804 |    750 |   1053 |   5919 |  12 |  796.2 |
       Dungeon |   9517 |   8802 |    715 |   1053 |   5919 |  11 |  865.2 |
        Temple |     36 |      2 |     34 |      0 |      0 |   1 |   36.0 |
               +--------+--------+--------+--------+--------+-----+--------+

Top non-repeatable levels by time:
     D:7: 1309 daAuts
    D:10: 1225 daAuts
     D:4: 970 daAuts
     D:9: 957 daAuts
     D:5: 931 daAuts
     D:2: 904 daAuts
     D:1: 836 daAuts
     D:8: 771 daAuts
     D:6: 667 daAuts
     D:3: 654 daAuts
    D:11: 287 daAuts
  Temple: 36 daAuts
